 Dungeon Crawl Stone Soup version 0.23.0-42-geed6394480 (webtiles) character file.

Game seed: 10819577798671994558

78 LostNumber the Ducker (level 4, -6/51 HPs)
             Began as a Gnoll Wanderer on Feb 28, 2019.
             Was an Initiate of Okawaru.
             Mangled by an orc wizard
             ... wielding a +2 dagger of electrocution
              (19 damage)
             ... on level 2 of the Dungeon.
             The game lasted 00:03:19 (2012 turns).

LostNumber the Ducker (Gnoll Wanderer)              Turns: 2012, Time: 00:03:20

Health: -6/51      AC: 22    Str: 11 (13) XL:     4   Next: 36%
Magic:  6/6        EV:  2    Int: 12 (14) God:    Okawaru [......]
Gold:   60         SH:  0    Dex: 13 (15) Spells: 5/5 levels left

rFire    . . .     SeeInvis .     - Unarmed
rCold    . . .     Gourm    .   (no shield)
rNeg     + + +     Faith    .   (armour currently unavailable)
rPois    +         Spirit   .   (helmet currently unavailable)
rElec    .         Reflect  .   (cloak currently unavailable)
rCorr    .         Harm     .   (gloves currently unavailable)
MR       +....     NoTele   +   (boots currently unavailable)
Stlth    +++.......             (no amulet)
HPRegen  0.17/turn              (no ring)
MPRegen  0.10/turn              (no ring)

@: tree-form, very slightly contaminated, invisible
A: distributed training, dopey 1, magic resistance 1, strong nose
a: Renounce Religion


You were on level 2 of the Dungeon.
You worshipped Okawaru.
Okawaru was noncommittal.
You were hungry.
You were a tree.
You visited 1 branch of the dungeon, and saw 3 of its levels.

You collected 60 gold pieces.

Inventory:

Hand Weapons
 d - a +0 dagger
Armour
 c - a +0 robe (melded)
Jewellery
 f - an uncursed amulet of harm {unknown}
   (You found it on level 2 of the Dungeon)
 q - a +1 ring of protection {unknown}
   (You found it on level 2 of the Dungeon)
Wands
 a - a wand of enslavement (15)
Scrolls
 i - a scroll of random uselessness {unknown}
 j - 2 scrolls of identify {unknown}
 l - 2 scrolls of teleportation {unknown}
 m - a scroll of fear {unknown}
 n - a scroll of blinking {unknown}
 p - a scroll of magic mapping {unknown}
 r - a scroll of remove curse {unknown}
Potions
 g - a potion of flight
 h - a potion of mutation {!q}
 k - a potion of degeneration {!q}
 u - a potion of heal wounds {unknown}
Comestibles
 e - 5 rations {!d}
 t - 3 chunks of flesh


   Skills:
 + Level 2.7 Fighting
 + Level 2.7 Short Blades
 + Level 1.1 Long Blades
 + Level 1.1 Axes
 + Level 1.1 Maces & Flails
 + Level 1.1 Polearms
 + Level 1.1 Staves
 + Level 1.1 Slings
 + Level 1.1 Bows
 + Level 1.1 Crossbows
 + Level 1.1 Throwing
 + Level 1.1 Armour
 + Level 6.6 Dodging
 + Level 4.2 Stealth
 + Level 1.1 Shields
 + Level 4.6 Unarmed Combat
 + Level 1.1 Spellcasting
 + Level 0.8 Conjurations
 + Level 0.8 Hexes
 + Level 0.8 Charms
 + Level 0.8 Summonings
 + Level 0.8 Necromancy
 + Level 0.8 Translocations
 + Level 0.8 Transmutations
 + Level 0.8 Fire Magic
 + Level 0.8 Ice Magic
 + Level 0.8 Air Magic
 + Level 0.8 Earth Magic
 + Level 0.8 Poison Magic
 + Level 1.2 Invocations
 + Level 2.7 Evocations


You had 5 spell levels left.
You didn't know any spells.
Your spell library was empty.

Dungeon Overview and Level Annotations

Branches:
Dungeon (3/15)

Altars:
Okawaru


Innate Abilities, Weirdness & Mutations

Your experience applies equally to all skills.
((You have very sharp teeth.))
Your uncanny sense of smell can sniff out nearby items.
((You are partially covered in icy blue scales. (AC +2)))
You are dopey. (Int -2)
You are resistant to hostile enchantments. (MR+)


Message History

* * * LOW HITPOINT WARNING * * *
Unknown command.
You feel better. The orc completely misses you. Something barely misses you.
Unknown command.
It was a potion of flight.
You feel very buoyant.
You fly up into the air.
The orc closely misses you. Something hits you but does no damage.
It was a potion of invisibility.
You fade into invisibility!
The orc hits you but does no damage. Something hits you but does no damage.
You are very lightly contaminated with residual magic.
Unknown command.
It was a potion of lignification.
You turn into a tree.
Your +0 robe melds into your body.
Your roots penetrate the ground.
The orc hits you but does no damage. Something hits you but does no damage.
Unknown command.
Unknown command.
You hit the orc. The orc hits you but does no damage.
You hit the orc. Something completely misses you.
The orc hits you but does no damage.
You are feeling hungry.
You hit the orc but do no damage. Something hits you but does no damage.
You are electrocuted!
* * * LOW HITPOINT WARNING * * *
You barely miss the orc. The orc barely misses you.
Unknown command.
You hit the orc.
You kill the orc!
Okawaru accepts your kill.
Unknown command.
You cannot move.
Unknown command.
You feel better.
Unknown command.
Unknown command.
Unknown command.
You cannot move.
You swing at nothing.
Something hits you but does no damage.
Unknown command.
You swing at nothing.
Something hits you but does no damage.
You swing at nothing.
Something hits you but does no damage.
You are electrocuted!!
You die...

....# #.# #.# ....#
#.#########.# ....#
#.#.........# ....#
######.#.#########
....# #....#.#.#
....#######....#.#.#
.........##....#.#.#
.........##....#)#.#
.........''.....♣#.#
#........##....###.#
###########....###.#
....# #..........#
....# #.#....#####
....# #.######
....#####'######
.##.##.........#
.##.##.........#


There were no monsters in sight!

Vanquished Creatures
  2 adders
  An adder zombie (D:2)
  2 leopard geckos (D:2)
  4 orcs
  9 giant cockroaches
  5 goblins
  5 hobgoblins
  6 kobolds
  5 bats
  3 frilled lizards
  7 rats
49 creatures vanquished.

Notes
Turn   | Place    | Note
-------+----------+-------------------------------------------
     0 | D:1      | LostNumber the Gnoll Wanderer began the quest for the Orb.
     0 | D:1      | LostNumber set off with the following items: a wand of
                  | enslavement (15), 2 potions of curing {@q1}, a +0 robe, a
                  | +0 dagger, a ration {!d}
     0 | D:1      | Reached XP level 1. HP: 17/17 MP: 2/2
    92 | D:1      | Reached XP level 2. HP: 15/23 MP: 3/3
   702 | D:2      | Reached XP level 3. HP: 28/28 MP: 4/4
   907 | D:2      | Reached skill level 1 in Invocations
   928 | D:2      | Found an iron altar of Okawaru.
  1512 | D:2      | Reached skill level 1 in Long Blades
  1512 | D:2      | Reached skill level 1 in Axes
  1512 | D:2      | Reached skill level 1 in Maces & Flails
  1512 | D:2      | Reached skill level 1 in Polearms
  1512 | D:2      | Reached skill level 1 in Staves
  1512 | D:2      | Reached skill level 1 in Slings
  1512 | D:2      | Reached skill level 1 in Bows
  1512 | D:2      | Reached skill level 1 in Crossbows
  1512 | D:2      | Reached skill level 1 in Throwing
  1512 | D:2      | Reached skill level 1 in Armour
  1512 | D:2      | Reached skill level 1 in Shields
  1512 | D:2      | Reached skill level 1 in Spellcasting
  1577 | D:2      | Became a worshipper of Warmaster Okawaru
  1891 | D:3      | Reached XP level 4. HP: 34/34 MP: 6/6
  1997 | D:2      | Gained mutation: You are resistant to hostile enchantments.
                  | (MR+) [potion of mutation]
  1997 | D:2      | Gained mutation: You are dopey. (Int -2) [potion of
                  | mutation]
  1997 | D:2      | Gained mutation: You are partially covered in icy blue
                  | scales. (AC +2) [potion of mutation]
  2004 | D:2      | HP: 2/51 [something (13)]
  2012 | D:2      | Mangled by an orc wizard

Skill      XL: |  1  2  3 |
---------------+----------+-----
Invocations    | 1 |  1.2
Long Blades    | 1 |  1.1
Axes           | 1 |  1.1
Maces & Flails | 1 |  1.1
Polearms       | 1 |  1.1
Staves         | 1 |  1.1
Slings         | 1 |  1.1
Bows           | 1 |  1.1
Crossbows      | 1 |  1.1
Throwing       | 1 |  1.1
Armour         | 1 |  1.1
Shields        | 1 |  1.1
Spellcasting   | 1 |  1.1
Fighting       | |  2.7
Short Blades   | |  2.7
Dodging        | |  6.6
Stealth        | |  4.2
Unarmed Combat | |  4.6
Conjurations   | |  0.8
Hexes          | |  0.8
Charms         | |  0.8
Summonings     | |  0.8
Necromancy     | |  0.8
Translocations | |  0.8
Transmutations | |  0.8
Fire Magic     | |  0.8
Ice Magic      | |  0.8
Air Magic      | |  0.8
Earth Magic    | |  0.8
Poison Magic   | |  0.8
Evocations     | |  2.7

Action                   |  1- 3 |  4- 6 || total
-------------------------+-------+-------++-------
Melee: Unarmed           |   114 |    30 ||   144
       Bite              |     8 |     1 ||     9
  Use: Potion            |       |     7 ||     7
 Stab: Sleeping          |     9 |       ||     9
  Eat: Chunk             |     3 |       ||     3
Armor: Robe              |    11 |     2 ||    13
       Skin              |       |     8 ||     8
Dodge: Dodged            |    92 |    30 ||   122
